 Dungeon Crawl Stone Soup version 0.22.1-2-g9c5b331 (webtiles) character file.

1134 myga the Magician (level 8, -1/44 HPs)
             Began as a Deep Elf Venom Mage on Dec 13, 2018.
             Was a Follower of Makhleb.
             Slain by a wight
             ... wielding a cursed +0 mace
              (4 damage)
             ... on level 6 of the Dungeon on Dec 20, 2018.
             The game lasted 00:42:54 (5914 turns).

myga the Magician (Deep Elf Venom Mage)             Turns: 5914, Time: 00:42:55

Health: -1/44      AC:  8    Str:  6    XL:     8   Next: 14%
Magic:  0/17       EV: 12    Int: 22    God:    Makhleb [*.....]
Gold:   190        SH:  0    Dex: 20    Spells: 4/19 levels left

rFire    + . .     SeeInvis .   e - -3 hunting sling (curse)
rCold    + . .     Gourm    .   (no shield)
rNeg     . . .     Faith    .   p - +3 leather armour
rPois    +         Spirit   .   q - +1 helmet
rElec    +         Reflect  .   r - scarf {repulsion}
rCorr    +         Harm     +   (no gloves)
MR       .....     Clarity  +   (no boots)
Stlth    ++........             z - amulet of harm
HPRegen  0.14/turn              l - +5 ring of dexterity
MPRegen  0.15/turn              (no ring)

@: resistant, very slightly contaminated, drained, repel missiles
A: clarity, low mp 1
a: Renounce Religion


You were on level 6 of the Dungeon.
You worshipped Makhleb.
Makhleb was aware of your devotion.
You were very hungry.

You visited 1 branch of the dungeon, and saw 6 of its levels.

You collected 190 gold pieces.

Inventory:

Hand Weapons
 e - a cursed -3 hunting sling (weapon)
 g - a +0 hunting sling
Missiles
 d - 166 stones (quivered)
 j - 46 arrows
 m - a throwing net
 t - 30 poisoned needles
 v - 2 poisoned tomahawks
Armour
 p - a +3 leather armour (worn)
 q - a +1 helmet (worn)
 r - a scarf of repulsion (worn)
 w - a cursed +0 robe
Jewellery
 l - a +5 ring of dexterity (left hand)
 o - an uncursed amulet of guardian spirit
 z - an amulet of harm (around neck)
Scrolls
 i - a scroll of amnesia
 n - a scroll of magic mapping
Comestibles
 c - 6 rations


   Skills:
 + Level 2.2(1.5) Fighting
 + Level 4.0(3.3) Slings
 + Level 0.9(0.2) Armour
 + Level 3.5(2.7) Dodging
 + Level 3.0(2.3) Stealth
 + Level 6.4(5.6) Spellcasting
 + Level 3.7(2.9) Conjurations
 + Level 0.5(0.0) Air Magic
 + Level 5.4(4.6) Poison Magic


You had 4 spell levels left.
You knew the following spells:

 Your Spells              Type           Power        Failure   Level  Hunger
a - Sting                 Conj/Pois      ###.         3%          1    None
b - Poisonous Vapours     Pois/Air       ###...       9%          2    None
c - Mephitic Cloud        Conj/Pois/Air  ###.....     16%         3    ##.....
d - Olgreb's Toxic Radia  Pois           ####....     22%         4    ####...
e - Venom Bolt            Conj/Pois      ###.......   65%         5    #####..

Your spell library contained the following spells:

 Spells                   Type           Power        Failure   Level  Hunger


Dungeon Overview and Level Annotations

Branches:
Dungeon (6/15)
 Temple: D:4-7

Altars:
Elyvilon
Makhleb


Innate Abilities, Weirdness & Mutations

You possess an exceptional clarity of mind.
Your magical capacity is low. (-10% MP)


Message History

Confirm with . or Enter, or press ? or * to list all spells.
Aiming: Sting (safe; 3% risk of failure)
Press: ? - help, Shift-Dir - straight line, f/p - gnoll
Aim: a gnoll, wielding a whip (almost dead)
The sting hits the gnoll.
You kill the gnoll!
Makhleb accepts your kill.
A gnoll comes into view. It is wielding a club.
The wight misses you.
The crimson imp hits you but does no damage.
You aren't carrying any potions.
Okay, then.
Evoke which item? (* to show all) (? for menu, Esc to quit)
Aiming: Polymorph
Press: ? - help, Shift-Dir - straight line, f - wight
Aim: a wight, wielding a dagger and wearing a robe (chance to defeat MR: 46%)
The wight is unaffected.
The gnoll shouts!
The now-empty wand crumbles to dust.
The wight hits you with a mace.
You die...

... ... .!.....
...... ..#.## 5..
#.#.#.## .. ###
#.#.##)##5##...
#5zz(..#.......
#5zS..#.......
#@#.#.........
##z#)##........
##.z#.##<#......
#..##.##.# ....
.###g#...##.# .#.
.....#†####[##..#
...........)....#
......#.#§...####
..g.###......#


You could see 5 wights, a gnoll, 2 crimson imps and an adder.

Vanquished Creatures
  Eustachio (D:5)
  Edmund (D:5)
  A scorpion (D:4)
  4 orc priests
  A centaur skeleton (D:5)
  4 hounds
  A jelly (D:5)
  3 orc wizards
  Natasha (thrice) (D:4)
  3 worker ants
  Robin (D:4)
  9 gnolls
  7 adders
  An ufetubus (D:5)
  An adder skeleton (D:5)
  A worm (D:2)
  5 dart slugs
  4 leopard geckos
  12 orcs
  2 giant cockroaches
  12 goblins
  15 hobgoblins
  7 jackals
  2 quokkas
  A ball python skeleton (D:4)
  10 bats
  7 frilled lizards
  10 kobolds
  10 rats
139 creatures vanquished.

Notes
Turn   | Place    | Note
-------+----------+-------------------------------------------
     0 | D:1      | myga the Deep Elf Venom Mage began the quest for the Orb.
     0 | D:1      | Reached XP level 1. HP: 10/10 MP: 6/6
   232 | D:1      | Reached XP level 2. HP: 15/15 MP: 4/8
   366 | D:1      | Learned a level 2 spell: Poisonous Vapours
   649 | D:1      | Reached XP level 3. HP: 18/19 MP: 6/10
  1023 | D:2      | Learned a level 3 spell: Mephitic Cloud
  1178 | D:2      | Reached XP level 4. HP: 24/24 MP: 5/11
  1309 | D:2      | Reached skill level 4 in Spellcasting
  1530 | D:2      | Learned a level 4 spell: Olgreb's Toxic Radiance
  1546 | D:2      | HP: 1/24 [gnoll/halberd (15)]
  1557 | D:2      | Reached skill level 1 in Slings
  2120 | D:3      | Reached XP level 5. HP: 28/28 MP: 6/13
  2208 | D:3      | Found a burning altar of Makhleb.
  2829 | D:3      | Became a worshipper of Makhleb the Destroyer
  2954 | D:4      | Noticed Robin
  2976 | D:4      | Killed Robin
  3104 | D:4      | Reached skill level 5 in Spellcasting
  3104 | D:4      | Reached XP level 6. HP: 19/33 MP: 0/15
  3213 | D:4      | Found a white marble altar of Elyvilon.
  3237 | D:4      | Noticed Natasha
  3241 | D:4      | Killed Natasha
  3278 | D:4      | Noticed Natasha
  3295 | D:4      | Killed Natasha
  3334 | D:4      | Learned a level 5 spell: Venom Bolt
  3356 | D:4      | Reached skill level 1 in Fighting
  3401 | D:4      | Reached * piety under Makhleb
  3729 | D:4      | Reached XP level 7. HP: 33/38 MP: 6/17
  3809 | D:4      | Noticed Natasha
  3817 | D:4      | Killed Natasha
  4206 | D:5      | Entered Level 5 of the Dungeon
  4296 | D:5      | Noticed Eustachio
  4322 | D:5      | Killed Eustachio
  4322 | D:5      | Reached skill level 6 in Spellcasting
  4373 | D:5      | Noticed Edmund
  4583 | D:5      | Killed Edmund
  4583 | D:5      | Reached skill level 5 in Poison Magic
  5134 | D:5      | HP: 2/40 [orc wizard/magic dart (9)]
  5142 | D:5      | Reached XP level 8. HP: 34/44 MP: 0/19
  5886 | D:6      | Gained mutation: You are robust. (+10% HP) [potion of
                  | mutation]
  5886 | D:6      | Gained mutation: Your magical capacity is low. (-10% MP)
                  | [potion of mutation]
  5886 | D:6      | Lost mutation: You are robust. (+10% HP) [potion of
                  | mutation]
  5886 | D:6      | Gained mutation: You possess an exceptional clarity of
                  | mind. [potion of mutation]
  5914 | D:6      | Slain by a wight

Skill      XL: |  1  2  3  4  5  6  7  8 |
---------------+-------------------------+-----
Poison Magic   | 4 5 |  5.4
Conjurations   | 2 3 |  3.7
Spellcasting   | 4 5 6 |  6.4
Slings         | 1 2 3 4 |  4.0
Dodging        | 3 |  3.5
Fighting       | 1 2 |  2.2
Stealth        | 3 |  3.0
Armour         | |  0.9
Air Magic      | |  0.5

Action                   |  1- 3 |  4- 6 |  7- 9 || total
-------------------------+-------+-------+-------++-------
Melee: Unarmed           |     1 |       |       ||     1
 Fire: Hunting sling     |    24 |    64 |   287 ||   375
Throw: Throwing net      |       |       |     1 ||     1
 Cast: Sting             |    68 |   122 |    95 ||   285
       Poisonous Vapours |     4 |    10 |     2 ||    16
       Olgreb's Toxic Ra |       |     5 |     3 ||     8
       Mephitic Cloud    |       |     3 |     6 ||     9
Evoke: Wand              |       |       |     8 ||     8
  Use: Scroll            |       |     5 |     2 ||     7
       Potion            |       |       |     7 ||     7
  Eat: Chunk             |     1 |     8 |     3 ||    12
       Ration            |       |       |     1 ||     1
Armor: Robe              |     4 |    17 |     6 ||    27
       Leather armour    |       |       |    75 ||    75
Dodge: Dodged            |    24 |    63 |   187 ||   274
